[Event "40th IND-chT Open 2020"]
[Site "Ahmedabad"]
[Date "2020.02.13"]
[Round "9.17"]
[White "Eshwanth Dev, Kumar J"]
[Black "Jatinder, Kapoor"]
[Result "1-0"]
[ECO "B80"]
[WhiteElo "1850"]
[BlackElo "1586"]
[Annotator "NA RC"]
[PlyCount "89"]
[EventDate "2020.02.05"]
[EventCountry "IND"]
[SourceTitle "playchess.com"]
[Source "ChessBase"]
[SourceQuality "1"]
[TimeControl "5400+30"]

1. e4 c5 2. Nf3 d6 3. d4 cxd4 4. Nxd4 Nf6 5. Nc3 a6 6. f3 e6 7. Be3 Be7 8. Qd2 Qc7 9. O-O-O b5 10. g4 Bb7 11. g5 Nfd7 12. h4 Nc6 13. h5 {[%emt 0:06:28] B80: Sicilian Scheveningen: 6 g3 and 6 Be3, including English Attack.} Nde5 14. Qg2 {[%emt 0:03:28] [#]} Nxd4 $146 ({Predecessor:} 14... b4 15. Nce2 Nc4 16. Bg1 Qa5 17. Kb1 e5 18. Nxc6 Bxc6 19. Nc1 Na3+ 20. bxa3 bxa3 {1-0 (55) Fier,A (2590)-Van Beuzekom,L ICC INT 2009}) 15. Bxd4 O-O-O (15... O-O $14) 16. f4 Nc4 (16... Rhg8 $16) 17. Bxc4 ({Much weaker is} 17. Bxg7 $6 Ne3 $11) 17... Qxc4 18. Bxg7 Rhg8 19. Bd4 Kb8 20. Be3 $2 ({Better is} 20. Qf2 $18) 20... b4 (20... Bf6 $1 $11 {remains equal.} 21. Qe2 Bxc3 22. Qxc4 bxc4 23. bxc3 Bxe4) 21. Rd4 Qc5 22. Na4 Qb5 23. b3 Rc8 (23... e5 $16 {was called for.} 24. fxe5 Qxe5) 24. Qd2 a5 25. Rd1 Rc6 26. Kb1 Rgc8 27. Rc1 Bf8 28. h6 Be7 {[%emt 0:00:09] [#]} 29. f5 $1 Ra6 30. f6 Bf8 31. e5 Bd5 $2 (31... Qxe5 32. Bf4 Qf5) 32. Bf4 dxe5 33. Bxe5+ Rd6 (33... Kb7 $142 34. c4 {[%mdl 64] Double Attack} bxc3 35. Nxc3 {[%mdl 64] Double Attack} Qc5) 34. Qf4 Qa6 35. c4 bxc3 36. Nxc3 Ka8 37. Bxd6 Bxd6 38. Qd2 Rxc3 39. Qxc3 Be5 40. Qc8+ Qxc8 41. Rxc8+ Kb7 {[%emt 0:00:01] [#]} 42. Rxd5 $1 exd5 43. Rf8 Kc6 44. Rxf7 Bf4 45. g6 1-0